 Dungeon Crawl Stone Soup version 0.26-b1-32-g5d43845318 (webtiles) character file.

Game seed: 11496258383106730528

119 raceaflais the Stinger (level 4, -2/21 HPs)
             Began as a Spriggan Venom Mage on Jan 4, 2021.
             Was an Initiate of Okawaru.
             Slain by an orc
             ... wielding a +0 hand axe
              (6 damage)
             ... on level 3 of the Dungeon.
             The game lasted 00:12:24 (2383 turns).

raceaflais the Stinger (Spriggan Venom Mage)        Turns: 2383, Time: 00:12:25

Health: -2/21      AC:  2    Str:  4      XL:     4   Next: 73%
Magic:  7/11       EV: 18    Int: 16 (17) God:    Okawaru [......]
Gold:   72         SH:  0    Dex: 16      Spells: 10/11 levels left

rFire    . . .     SeeInvis +   c - +0 short sword (elec)
rCold    . . .     Faith    .   (shield restricted)
rNeg     . . .     Spirit   .   a - +0 robe
rPois    .         Reflect  .   (helmet restricted)
rElec    .         Harm     .   (no cloak)
rCorr    .         Rampage  .   (gloves unavailable)
Will     .....                  (boots unavailable)
Stlth    +++.......             (no amulet)
HPRegen  0.07/turn              (no ring)
MPRegen  0.12/turn              (no ring)

@: slowed, quick
A: very small, unfitting armour, see invisible, speed 3
a: Renounce Religion


You were on level 3 of the Dungeon.
You worshipped Okawaru.
Okawaru was noncommittal.
You visited 1 branch of the dungeon, and saw 3 of its levels.

You collected 72 gold pieces.

Inventory:

Hand Weapons
 c - a +0 short sword of electrocution (weapon)
Missiles
 e - 60 stones
 g - 20 bolts
 h - 56 arrows
Armour
 a - a +0 robe (worn)
Jewellery
 d - an uncursed ring of poison resistance {unknown}
Scrolls
 b - 2 scrolls of remove curse
Potions
 f - a potion of brilliance {unknown}
 i - a potion of degeneration


   Skills:
 + Level 3.1 Dodging
 + Level 3.5 Stealth
 + Level 4.0 Spellcasting
 + Level 2.9 Transmutations
 + Level 4.2 Poison Magic


You had 10 spell levels left.
You knew the following spells:

 Your Spells              Type           Power        Failure   Level
a - Sting                 Tmut/Pois      56%          3%          1

Your spell library contained the following spells:

 Spells                   Type           Power        Failure   Level
 Poisonous Vapours        Pois/Air       20%          11%         2
 Ignite Poison            Fire/Tmut/Pois 10%          19%         3
 Mephitic Cloud           Conj/Pois/Air  7%           28%         3
 Olgreb's Toxic Radiance  Pois           16%          28%         4


Dungeon Overview and Level Annotations

Branches:
Dungeon (3/15)

Altars:
Okawaru
Wu Jian


Innate Abilities, Weirdness & Mutations

You are very small and have problems with some larger weapons.
You are too small for most types of armour.
You have supernaturally acute eyesight. (SInv)
You cover ground extremely quickly.


Message History

You hit the orc wizard but do no damage.
Lightning courses through the orc wizard!
You kill the orc wizard!
Okawaru accepts your kill. The orc barely misses you.
The orc hits you with a +0 club. The orc hits you with a +0 hand axe.
The orc misses you. The orc hits you with a +0 club.
You feel your strength returning.
Your Spellcasting skill increases to level 4!
Okay, then.
Okay, then.
The orc throws a boomerang.
The boomerang hits you.
* * * LOW HITPOINT WARNING * * *
The weapon returns to the orc!
You see here a fizzy amethyst potion.
f - a fizzy amethyst potion The orc hits you with a cursed -2 club.
* * * LOW HITPOINT WARNING * * *
The orc misses you. The orc hits you with a +0 hand axe.
You die...

.. ## ..# #.
..# #. #.# #.
#. #.#
...###.##.#
..........# #
$...!..<.o##.#
#..(.....o@..#
##.###.#.o.#.#
.........#
###......!#
#.......#
#?.....(#
#.......#
#.......#


You could see 3 orcs.

Vanquished Creatures
  An orc wizard (D:3)
  Terence (D:2)
  An adder (D:2)
  A worm (D:2)
  3 bats
  4 giant cockroaches
  7 goblins
  5 hobgoblins
  10 jackals
  2 frilled lizards (D:2)
  5 kobolds
  10 rats
50 creatures vanquished.

Notes
Turn   | Place    | Note
-------+----------+-------------------------------------------
     0 | D:1      | raceaflais the Spriggan Venom Mage began the quest for the
                  | Orb.
     0 | D:1      | Reached XP level 1. HP: 9/9 MP: 5/5
   367 | D:1      | Reached XP level 2. HP: 13/13 MP: 4/6
   901 | D:1      | Found an iron altar of Okawaru.
   956 | D:1      | Became a worshipper of Warmaster Okawaru
  1309 | D:2      | Reached XP level 3. HP: 16/16 MP: 6/8
  1558 | D:2      | Noticed Terence
  1684 | D:2      | Killed Terence
  1687 | D:2      | Reached XP level 4. HP: 21/21 MP: 0/10
  2010 | D:2      | Found an ornate altar of the Wu Jian Council.
  2383 | D:3      | Slain by an orc

Illustrated notes

Levels and vault maps discovered:
D:1:      eino_arrival_cavern_d, layout_rooms, okawaru_ov_weapons_minmay
D:2:      layout_basic, lemuel_doored_altar, uniq_terence
D:3:      layout_loops_ring, uniq_crazy_yiuf_cottage

Skill      XL: |  1  2  3  4 |
---------------+-------------+-----
Spellcasting   | 3 4 |  4.0
Transmutations | 2 |  2.9
Poison Magic   | 4 |  4.2
Dodging        | |  3.1
Stealth        | |  3.5

Action                   |  1- 3 |  4- 6 || total
-------------------------+-------+-------++-------
Melee: Short sword       |       |     5 ||     5
 Cast: Sting             |    55 |    20 ||    75
  Use: Scroll            |     7 |       ||     7
       Potion            |     3 |     1 ||     4
Armor: Robe              |     1 |     2 ||     3
Dodge: Dodged            |    14 |    21 ||    35
